Description

15 hatch 2-base Roach (nothing new, just to practice).

Build Order

Get SALT Encoding   

  14  0:13  Extractor  
  15  0:35  Hatchery  
  14  0:37  Extractor  
  15  0:44  Overlord  
  15  0:59  Spawning Pool  
  18  1:24  Extractor  
  19  1:46  Queen x2  
  25  1:59  Overlord  
  28  2:22  Queen x2  
  34  2:32  Overlord  
  36  2:45  Roach Warren  
  44  3:09  Lair  
  44  3:14  Overlord  
  44  3:20  Evolution Chamber, Extractor x2  
  44  3:33  Evolution Chamber  
  50  3:46  Zerg Missile Weapons Level 1  
  51  4:08  Roach x4  
  51  4:10  Overseer  
  59  4:18  Glial Reconstitution  
  59  4:24  Hatchery  
  60  4:25  Roach x2  
  60  4:30  Roach x2  
  66  4:50  Nydus Network, Roach  
  66  4:51  Roach  
  66  4:53  Queen  
  66  4:52  Queen  
  99  5:37  Nydus Canal  
  104  5:57  Nydus Canal  
  106  6:07  Spore Crawler x3  
  113  6:22  Queen x2  
  113  6:24  Extractor  
  125  6:49  Spore Crawler x3  
  124  6:56  Ravager x2  
  124  7:01  Spore Crawler  
  125  7:04  Queen  
  125  7:09  Ravager  
Spawning Tool Build Advisor. Get it on Overwolf

Go to:

Details

  • Created by: Redwood
  • Published on: Feb 21, 2026
  • Modified on: Oct 08, 2026
  • Patch: 5.0.11
  • Difficulty: Easy
Show
View Real Time Build Order
Export as new Build Order

Comments (1)

On March 29, 2026, 12:14 a.m., sirphillip0@gmail.com  said:

Please add workers timing also if able,so i can really nail it, thank you for the build order for a noobie.Upvoted

Create an account to comment!